 Dungeon Crawl Stone Soup version 0.31-a0-198-g2ad674f65e (webtiles) character file.

Game seed: 17525460397520752203

73 qw the Shooter (level 4, -2/25 HPs)
             Began as a Deep Elf Hunter on June 25, 2023.
             Succumbed to an adder's poison
             ... on level 2 of the Dungeon.
             The game lasted 00:00:24 (1164 turns).

qw the Shooter (Deep Elf Hunter)                    Turns: 1164, Time: 00:00:24

Health: -2/25      AC:  5    Str: 10    XL:     4   Next: 8%
Magic:  6/6        EV: 11    Int: 14    God:
Gold:   126        SH:  0    Dex: 18    Spells: 3/3 levels left

rFire   . . .        Y - +0 shortbow
rCold   . . .        (shield currently unavailable)
rNeg    . . .        e - +0 ring mail
rPois   .            (no helmet)
rElec   .            (no cloak)
rCorr   .            (no gloves)
SInv    .            (no boots)
Will    .....        (no amulet)
Stlth   +            (no ring)
HPRegen 0.24/turn    (no ring)
MPRegen 0.10/turn

%: no passive effects
@: lethally poisoned (-2 -> -11)
A: no striking features
a: no special abilities


You were on level 2 of the Dungeon.
You visited 1 branch of the dungeon, and saw 2 of its levels.

You collected 126 gold pieces.


   Skills:
 - Level 1.5 Fighting
 + Level 7.5 Ranged Weapons
 - Level 2.4 Dodging
 - Level 1.2 Stealth


You had 3 spell levels left.
You didn't know any spells.
Your spell library was empty.

Inventory:

Hand Weapons
 Y - a +0 shortbow (weapon)
Armour
 e - a +0 ring mail (worn)
Scrolls
 a - a scroll of identify
 b - a scroll of fog {unknown}
 c - a scroll of amnesia {unknown}
Potions
 d - a potion of attraction {unknown}
 h - a potion of brilliance {unknown}

Dungeon Overview and Level Annotations

Branches:
Dungeon (2/15)

Altars:

Annotations:
D:2 1 runed translucent door, Crazy Yiuf


Message History

Terence hits you from afar with a +0 trident.
The adder closely misses you.
You shoot an arrow. The arrow misses the adder.
The arrow hits Terence but does no damage.
Terence is severely wounded.
Terence completely misses you. The adder bites you but does no damage.
Terence hits you from afar with a +0 trident.
You shoot an arrow. The arrow barely misses the adder.
The arrow hits Terence but does no damage.
Terence is severely wounded.
The adder closely misses you. Terence closely misses you.
The adder barely misses you.
You shoot an arrow. The arrow completely misses the adder.
The arrow hits Terence.
Terence is almost dead.
The adder bites you but does no damage. Terence hits you but does no damage.
You shoot an arrow. The arrow barely misses the adder.
The arrow hits Terence.
You kill Terence!
The adder bites you.
You are poisoned.
The adder poisons you! The adder misses you.
You have reached level 4!
You feel clever.
You shoot an arrow. The arrow misses the adder.
You feel sick. The adder bites you but does no damage.
You shoot an arrow. The arrow hits the adder.
The adder is moderately wounded.
You feel sick. The adder bites you.
You are lethally poisoned!
The adder poisons you! The adder closely misses you.
You shoot an arrow. The arrow misses the adder.
You feel sick. The adder bites you but does no damage.
You shoot an arrow.
The arrow hits the adder but does no damage.
The adder is moderately wounded.
You feel sick. The adder barely misses you. The adder bites you.
You are more poisoned.
The adder poisons you!
You shoot an arrow. The arrow hits the adder.
The adder is moderately wounded.
You die...

.# .# .# # # .# .#. .#
#.# .# #.#
.##############.# ###.#
................##......
###############.@S)...%.
##########


You could see an adder.

Vanquished Creatures
  Terence (D:2)
  A gnoll (D:1)
  2 worms (D:2)
  A dart slug (D:1)
  4 bats
  6 endoplasms
  A giant cockroach (D:1)
  A goblin (D:1)
  3 hobgoblins
  A kobold (D:1)
  A quokka (D:2)
  5 ball pythons
  A frilled lizard (D:1)
  2 rats (D:1)
30 creatures vanquished.

Notes
Turn   | Place    | Note
-------+----------+-------------------------------------------
     0 | D:1      | qw the Deep Elf Hunter began the quest for the Orb.
     0 | D:1      | Reached XP level 1. HP: 12/12 MP: 3/3
     0 | D:1      | 0 ||| qw: Version: 0.3-a-22-g0ed2b0b
     0 | D:1      | 0 ||| qw: Game counter: 5270
     0 | D:1      | 0 ||| qw: Melee chars always use a shield: true
     0 | D:1      | 0 ||| qw: God list: Okawaru
     0 | D:1      | 0 ||| qw: Allow faded altars: false
     0 | D:1      | 0 ||| qw: Do Orc after clearing Dungeon:15 true
     0 | D:1      | 0 ||| qw: Do second Lair branch before Depths: true
     0 | D:1      | 0 ||| qw: Lair rune preference: random
     0 | D:1      | 0 ||| qw: Goals: Normal
     0 | D:1      | 0 ||| PLANNING D:1-11
   255 | D:1      | Reached skill level 6 in Ranged Weapons
   255 | D:1      | Reached XP level 2. HP: 11/16 MP: 4/4
   492 | D:1      | Reached XP level 3. HP: 20/20 MP: 5/5
   641 | D:1      | 641 ||| UPGRADING to +0 ring mail.
   651 | D:1      | 651 ||| DROPPING +0 leather armour.
   652 | D:1      | 652 ||| READING 2 scrolls labelled VAMYUTS CURGHU.
   653 | D:1      | 653 ||| READING scroll labelled SULOTUI OC CYKH.
   654 | D:1      | 654 ||| DROPPING scroll of butterflies.
   858 | D:2      | Found a runed translucent door.
   859 | D:2      | Noticed Crazy Yiuf
  1022 | D:2      | Reached skill level 7 in Ranged Weapons
  1146 | D:2      | Noticed Terence
  1159 | D:2      | Killed Terence
  1160 | D:2      | Reached XP level 4. HP: 12/25 MP: 6/6
  1161 | D:2      | HP: 6/25 [adder (4)]
  1163 | D:2      | HP: 1/25 [adder (3)]
  1164 | D:2      | Succumbed to an adder's poison

Levels and vault maps discovered:
D:1:      minmay_arrival_four_houses, layout_loops_ring
D:2:      layout_loops_ring, uniq_crazy_yiuf_cottage, uniq_terence

Skill      XL: |  1  2  3 |
---------------+----------+-----
Ranged Weapons | 6 7 |  7.5
Fighting       | |  1.5
Dodging        | |  2.4
Stealth        | |  1.2

Action                     |  1- 3 |  4- 6 || total
---------------------------+-------+-------++-------
   Fire: Shortbow          |    97 |     5 ||   102
    Use: Scroll            |     2 |       ||     2
 Armour: Leather armour    |     9 |       ||     9
         Ring mail         |     7 |     2 ||     9
  Dodge: Dodged            |    25 |     2 ||    27

Table legend:
 A = Non-vault XP
 B = Vault XP
 C = Vault XP percentage of total XP
 D = Non-vault monster count
 E = Vault monster count
 F = Vault count percentage of total count
                 A         B        C        D         E       F
            +---------+---------+-------+---------+---------+-------
      Total |      69 |      36 |  34.3 |      29 |       1 |   3.3
            +---------+---------+-------+---------+---------+-------
        D:1 |      47 |       0 |   0.0 |      20 |       0 |   0.0
        D:2 |      22 |      36 |  62.1 |       9 |       1 |  10.0
            +---------+---------+-------+---------+---------+-------
